 Dungeon Crawl Stone Soup version 0.31-a0-188-g5e087ee2ca (webtiles) character file.

Game seed: 7945052306160688934

226 qw the Skirmisher (level 5, -7/30 HPs)
             Began as a Deep Elf Hunter on June 23, 2023.
             Mangled by a black bear (8 damage)
             ... on level 5 of the Dungeon.
             The game lasted 00:01:06 (2824 turns).

qw the Skirmisher (Deep Elf Hunter)                 Turns: 2824, Time: 00:01:07

Health: -7/30      AC:  7    Str: 10    XL:     5   Next: 69%
Magic:  7/7        EV: 11    Int: 14    God:
Gold:   128        SH:  0    Dex: 18    Spells: 4/4 levels left

rFire   + . .        Y - +0 shortbow (freeze)
rCold   + . .        (shield currently unavailable)
rNeg    . . .        i - +0 ring mail
rPois   .            (no helmet)
rElec   .            e - scarf {rC+ rF+}
rCorr   .            k - +0 pair of gloves
SInv    .            g - +0 pair of boots
Will    .....        (no amulet)
Stlth   +            (no ring)
HPRegen 0.25/turn    (no ring)
MPRegen 0.10/turn

%: no passive effects
@: no status effects
A: no striking features
a: no special abilities


You were on level 5 of the Dungeon.
You visited 1 branch of the dungeon, and saw 5 of its levels.

You collected 128 gold pieces.


   Skills:
 - Level 2.0 Fighting
 - Level 9.0 Ranged Weapons
 + Level 0.0 Armour
 - Level 2.4 Dodging
 - Level 1.2 Stealth


You had 4 spell levels left.
You didn't know any spells.
Your spell library was empty.

Inventory:

Hand Weapons
 Y - a +0 shortbow of freezing (weapon)
Armour
 e - a scarf of resistance (worn)
 g - a +0 pair of boots (worn)
 i - a +0 ring mail (worn)
 k - a +0 pair of gloves (worn)
Jewellery
 c - an amulet of magic regeneration
Scrolls
 a - 3 scrolls of identify
 f - a scroll of enchant weapon {unknown}
Potions
 b - a potion of haste
 d - a potion of enlightenment

Dungeon Overview and Level Annotations

Branches:
Dungeon (5/15)
 Temple: D:4-7

Altars:
Cheibriados
Hepliaklqana
Sif Muna

Annotations:
D:3 3 runed translucent doors, exclusion: 2 gnolls, qw's ghost, amateur DEHu
D:5 3 runed translucent doors


Message History

The black bear growls angrily.
You shoot an arrow. The arrow hits the black bear.
The arrow freezes the black bear.
The black bear is lightly wounded.
You shoot an arrow. The arrow hits the black bear.
The arrow freezes the black bear.
The black bear is heavily wounded.
You shoot an arrow. The arrow hits the black bear.
The arrow freezes the black bear.
The black bear is heavily wounded.
The black bear bites you. The black bear claws you.
The black bear claws you but does no damage.
You shoot an arrow. The arrow hits the black bear!
The arrow freezes the black bear.
The black bear is almost dead.
The black bear closely misses you.
The black bear claws you but does no damage.
The black bear closely misses you.
You shoot an arrow.
The arrow hits the black bear but does no damage.
The black bear is almost dead.
The black bear bites you. The black bear claws you.
The black bear closely misses you.
You shoot an arrow. The arrow barely misses the black bear.
The black bear bites you.
The black bear claws you but does no damage.
The black bear barely misses you. The black bear closely misses you.
The black bear misses you. The black bear closely misses you.
You shoot an arrow. The arrow hits the black bear.
The arrow freezes the black bear.
The black bear is almost dead.
The black bear goes berserk!
You shoot an arrow.
The arrow completely misses the black bear.
The black bear bites you! The black bear claws you.
The black bear claws you but does no damage.
You shoot an arrow. The arrow barely misses the black bear.
The black bear bites you. The black bear barely misses you.
The black bear misses you. The black bear bites you!
You die...

##...## #.#.### #+##
#.#..## #.# #.##.##
###########.# #.##.##
#........##.#######.##.##
#.######.#...#...##......
#..........####.##
#.#.........###.#
#@##............#
#...h...........#####
#####.####.....## ...#
##...## #### #####


You could see a black bear (berserk).

Vanquished Creatures
  A jelly (D:5)
  10 adders
  3 gnolls (D:3)
  A white imp (D:3)
  A worm (D:2)
  2 dart slugs
  An orc (D:4)
  7 ball pythons
  5 bats
  An endoplasm (D:2)
  3 giant cockroaches
  10 goblins
  8 hobgoblins
  6 kobolds
  3 quokkas
  4 frilled lizards
  2 rats (D:2)
68 creatures vanquished.

Notes
Turn   | Place    | Note
-------+----------+-------------------------------------------
     0 | D:1      | qw the Deep Elf Hunter began the quest for the Orb.
     0 | D:1      | Reached XP level 1. HP: 12/12 MP: 3/3
     0 | D:1      | 0 ||| qw: Version: 0.3-a-9-g12657ce
     0 | D:1      | 0 ||| qw: Game counter: 3942
     0 | D:1      | 0 ||| qw: Always use a shield: true
     0 | D:1      | 0 ||| qw: God list: Okawaru
     0 | D:1      | 0 ||| qw: Allow faded altars: false
     0 | D:1      | 0 ||| qw: Do Orc after D:15 true
     0 | D:1      | 0 ||| qw: Do second Lair branch before Depths: true
     0 | D:1      | 0 ||| qw: Lair rune preference: random
     0 | D:1      | 0 ||| qw: Plans: Normal
     0 | D:1      | 0 ||| PLANNING D:1-11
   176 | D:1      | Reached XP level 2. HP: 16/16 MP: 4/4
   178 | D:1      | Reached skill level 6 in Ranged Weapons
   744 | D:1      | 744 ||| UPGRADING to +0 ring mail.
   754 | D:1      | 754 ||| DROPPING +0 leather armour.
   755 | D:1      | 755 ||| UPGRADING to +0 pair of gloves.
   760 | D:1      | 760 ||| READING 4 scrolls labelled FOAN KYAGOER.
   761 | D:1      | 761 ||| READING scroll labelled NAUKIV YSKOTWA.
   862 | D:1      | 862 ||| READING scroll labelled QADAFO LETH.
   863 | D:1      | 863 ||| READING scroll labelled VYCHIEH OFRAET.
   864 | D:1      | 864 ||| READING scroll labelled POEPLAR SOQAMIGY.
   896 | D:1      | 896 ||| READING 3 scrolls of identify.
   896 | D:1      | 896 ||| IDENTIFYING smoky cyan potion
   897 | D:1      | 897 ||| DROPPING scroll of butterflies.
   898 | D:1      | 898 ||| DROPPING potion of brilliance.
   928 | D:2      | Reached XP level 3. HP: 16/20 MP: 5/5
  1017 | D:2      | Reached skill level 7 in Ranged Weapons
  1443 | D:2      | Reached XP level 4. HP: 25/25 MP: 6/6
  1506 | D:2      | 1506 ||| READING scroll labelled FAAS TATEIWIEMOQ.
  1659 | D:3      | Found a shimmering blue altar of Sif Muna.
  1684 | D:3      | Found a runed translucent gate.
  1684 | D:3      | Found a runed translucent gate.
  1684 | D:3      | Found a runed translucent gate.
  1686 | D:3      | Noticed qw's ghost (amateur DEHu)
  1696 | D:3      | Reached skill level 8 in Ranged Weapons
  1718 | D:3      | Found a hazy altar of Hepliaklqana.
  1752 | D:3      | 1752 ||| READING scroll labelled MASUETHREXO.
  1756 | D:3      | 1756 ||| FLEEEEING.
  1758 | D:3      | 1758 ||| FLEEEEING.
  1760 | D:3      | Reached XP level 5. HP: 13/29 MP: 7/7
  2169 | D:3      | 2169 ||| READING scroll labelled RERECV DAROE.
  2170 | D:3      | 2170 ||| READING 6 scrolls of identify.
  2170 | D:3      | 2170 ||| IDENTIFYING glowing clear potion
  2172 | D:3      | 2172 ||| Stepping ~*~*~tactically~*~*~ (cloud).
  2179 | D:3      | HP: 7/29 [poisoned by you (poison gas)]
  2579 | D:4      | Found a snail-covered altar of Cheibriados.
  2688 | D:4      | 2688 ||| UPGRADING to scarf of resistance.
  2693 | D:4      | 2693 ||| UPGRADING to +0 pair of boots.
  2698 | D:4      | 2698 ||| READING scroll labelled XEAFFU HUKIHU.
  2699 | D:4      | 2699 ||| READING 5 scrolls of identify.
  2699 | D:4      | 2699 ||| IDENTIFYING viscous silvery potion
  2700 | D:4      | 2700 ||| READING 4 scrolls of identify.
  2700 | D:4      | 2700 ||| IDENTIFYING viscous red potion
  2701 | D:4      | 2701 ||| DROPPING potion of magic.
  2721 | D:5      | Entered Level 5 of the Dungeon
  2732 | D:5      | Reached skill level 9 in Ranged Weapons
  2752 | D:5      | Found a runed translucent gate.
  2752 | D:5      | Found a runed translucent gate.
  2752 | D:5      | Found a runed translucent gate.
  2814 | D:5      | Noticed a black bear
  2823 | D:5      | HP: 5/30 [black bear (6)]
  2824 | D:5      | HP: 1/30 [black bear (4)]
  2824 | D:5      | Mangled by a black bear

Levels and vault maps discovered:
D:1:      kilobyte_arrival_exit_the_forest, layout_basic, grunt_decor_junction,
          hangedman_decor_push, amethyst_killhole
D:2:      layout_loops_ring, kennysheep_generic_room_6
D:3:      layout_rooms, mainiacjoe_overflow_six_doors_small,
          mainiacjoe_overflow_cross_hatched, gammafunk_ghost_nasty_kobolds,
          st_stairs_5, minivault_24, kennysheep_nub
D:4:      layout_rooms, general_overflow_altar, nicolae_elevator_lobby_plus
D:5:      layout_loops_corners, gammafunk_ghost_icy, nicolae_shop_gadgets

Skill      XL: |  1  2  3  4  5 |
---------------+----------------+-----
Ranged Weapons | 6 7 8 9 |  9.0
Fighting       | 2 |  2.0
Dodging        | |  2.4
Stealth        | |  1.2

Action                     |  1- 3 |  4- 6 || total
---------------------------+-------+-------++-------
   Fire: Shortbow          |    91 |   111 ||   202
    Use: Scroll            |     6 |     7 ||    13
 Armour: Ring mail         |     6 |    18 ||    24
  Dodge: Dodged            |    19 |    29 ||    48

Table legend:
 A = Non-vault XP
 B = Vault XP
 C = Vault XP percentage of total XP
 D = Non-vault monster count
 E = Vault monster count
 F = Vault count percentage of total count
                 A         B        C        D         E       F
            +---------+---------+-------+---------+---------+-------
      Total |     291 |      33 |  10.2 |      63 |       5 |   7.4
            +---------+---------+-------+---------+---------+-------
        D:1 |      29 |       0 |   0.0 |      14 |       0 |   0.0
        D:2 |      63 |      16 |  20.3 |      21 |       2 |   8.7
        D:3 |      98 |      17 |  14.8 |      18 |       3 |  14.3
        D:4 |      48 |       0 |   0.0 |       8 |       0 |   0.0
        D:5 |      53 |       0 |   0.0 |       2 |       0 |   0.0
            +---------+---------+-------+---------+---------+-------
